 Dungeon Crawl Stone Soup version 0.28-a0-1114-g8eb0198dcf (webtiles) character file.

Game seed: 16986231183903837955

649 Gargoyl the Skirmisher (level 7, 0/60 HPs)
             Began as a Gnoll Abyssal Knight on Dec 11, 2021.
             Was a Believer of Lugonu.
             Slain by Pikel (3 damage)
             ... on level 3 of the Dungeon.
             The game lasted 00:04:34 (5010 turns).

Gargoyl the Skirmisher (Gnoll Abyssal Knight)       Turns: 5010, Time: 00:04:34

Health: 0/60       AC: 12    Str: 14    XL:     7   Next: 53%
Magic:  10/11      EV:  5    Int: 10    God:    Lugonu [**....]
Gold:   186        SH:  0    Dex: 12    Spells: 11/11 levels left

rFire   . . .      SeeInvis .   a - +1 hand axe
rCold   . . .      Faith    .   (no shield)
rNeg    . . .      Spirit   .   c - +0 plate armour
rPois   .          Reflect  .   (no helmet)
rElec   .          Harm     .   (no cloak)
rCorr   .          Rampage  .   (no gloves)
Will    +....                   (no boots)
Stlth   ..........              (no amulet)
HPRegen 0.20/turn               m - ring of willpower
MPRegen 0.12/turn               (no ring)

@: no status effects
A: fangs 1, strong nose, distributed training
a: Renounce Religion, Depart the Abyss, Bend Space


You were on level 3 of the Dungeon.
You worshipped Lugonu.
Lugonu was pleased with you.
You visited 1 branch of the dungeon, and saw 4 of its levels.
You visited the Abyss 1 time.

You collected 186 gold pieces.

Inventory:

Hand Weapons
 a - a +1 hand axe (weapon)
 e - a +0 war axe
 f - a +2 antimagic spear
Armour
 c - a +0 plate armour (worn)
Jewellery
 i - an amulet of magic regeneration
 m - a ring of willpower (left hand)
 n - a +6 ring of intelligence
Wands
 h - a wand of acid (2)
Scrolls
 b - a scroll of fog
 d - a scroll of identify
 g - 3 scrolls of teleportation
 j - a scroll of fear
 o - a scroll of magic mapping
 p - a scroll of blinking
Potions
 k - a potion of invisibility {unknown}
 l - 2 potions of might


   Skills:
 + Level 7.0 Fighting
 + Level 2.5 Short Blades
 + Level 2.5 Long Blades
 + Level 5.2 Axes
 + Level 2.5 Maces & Flails
 + Level 2.5 Polearms
 + Level 2.5 Staves
 + Level 2.5 Slings
 + Level 2.5 Bows
 + Level 2.5 Crossbows
 + Level 2.5 Throwing
 + Level 5.2 Armour
 + Level 3.6 Dodging
 + Level 2.5 Stealth
 + Level 2.5 Shields
 + Level 2.5 Unarmed Combat
 + Level 2.5 Spellcasting
 + Level 2.0 Conjurations
 + Level 2.0 Hexes
 + Level 2.0 Summonings
 + Level 2.0 Necromancy
 + Level 2.0 Translocations
 + Level 2.0 Transmutations
 + Level 2.0 Fire Magic
 + Level 2.0 Ice Magic
 + Level 2.0 Air Magic
 + Level 2.0 Earth Magic
 + Level 2.0 Poison Magic
 + Level 5.4 Invocations
 + Level 2.5 Evocations


You had 11 spell levels left.
You didn't know any spells.
Your spell library was empty.

Dungeon Overview and Level Annotations

Branches:
Dungeon (4/15)
 Temple: D:4-7

Altars:
Dithmenos
Okawaru
Qazlal
Trog

Annotations:
D:3 Pikel


Innate Abilities, Weirdness & Mutations

You have very sharp teeth.
Your uncanny sense of smell can sniff out nearby items.
Your experience applies equally to all skills.


Message History

There is a stone staircase leading down here.
You closely miss Pikel. Your bite misses Pikel. You closely miss the iguana.
Pikel hits you with a +1 whip of flaming.
Pikel burns you.
The iguana bites you but does no damage.
Your plate armour prevents you from hitting Pikel.
You hit the iguana. Pikel hits you but does no damage. The iguana bites you.
Unknown command.
You hit Pikel but do no damage. You bite Pikel, but do no damage.
You hit the iguana.
Pikel hits you with a +1 whip of flaming.
Pikel burns you. The iguana barely misses you.
You barely miss Pikel. You hit the iguana but do no damage.
Pikel says, "You'll feel the lick of my whip!"
Pikel hits you but does no damage. The iguana barely misses you.
Unknown command.
Space bends sharply around you!
The iguana blinks!
Pikel blinks!
You blink.
Pikel hits you with a +1 whip of flaming.
Pikel burns you.
You slash Pikel!
Pikel is moderately wounded.
Pikel hits you with a +1 whip of flaming!
Pikel burns you.
* * * LOW HITPOINT WARNING * * *
You hit Pikel.
Pikel is moderately wounded.
Pikel hits you with a +1 whip of flaming.
* * * LOW HITPOINT WARNING * * *
Pikel burns you.
* * * LOW HITPOINT WARNING * * *
You miss Pikel.
Pikel is moderately wounded.
Pikel hits you with a +1 whip of flaming.
* * * LOW HITPOINT WARNING * * *
Pikel burns you.
* * * LOW HITPOINT WARNING * * *
You barely miss Pikel.
Pikel is moderately wounded.
Pikel hits you with a +1 whip of flaming.
You die...

#.## #.#............# #.#
#.#.##.#######.# ####.##
#.#............# ..#...#
#.####.######### ..#.☼.#
#.# #.#........
###...############.#
#.#.#######
..#._.#............# #.#.#
###...#.###############l#.#
..#####........K@.5..>..#.#
### #.#####.###########.#
#......[..# #.#
#######..####.#.# #.#
.....##..# #.#.# #.#
.....'...# #.#.# #.#
....)###.## #.#.# #.#
.....# #..# #.#.# #.#
.....# ##.# #.#.# #.#######


You could see Pikel, a lemure and an iguana.

Vanquished Creatures
  Grinder (D:4)
  A black bear (D:3)
  Pargi (D:4)
  Blork the orc (D:4)
  A jelly (D:4)
  An iguana (D:4)
  Jessica (D:2)
  5 adders
  A worm (D:4)
  9 orcs (D:3)
  3 bats
  5 endoplasms
  4 giant cockroaches
  9 goblins
  6 hobgoblins
  3 jackals (D:2)
  8 kobolds
  6 ball pythons
  2 frilled lizards
  3 rats
71 creatures vanquished.

Notes
Turn   | Place    | Note
-------+----------+-------------------------------------------
     0 | Abyss:1  | Gargoyl the Gnoll Abyssal Knight began the quest for the
                  | Orb.
     0 | Abyss:1  | Reached XP level 1. HP: 23/23 MP: 3/3
    76 | Abyss:1  | Found a corrupted altar of Lugonu.
   126 | Abyss:1  | Noticed a large abomination
   134 | D:1      | Escaped the Abyss
   285 | D:1      | Found a faded altar of an unknown god.
   289 | D:1      | Reached XP level 2. HP: 24/29 MP: 5/5
   535 | D:1      | Reached * piety under Lugonu
  1455 | D:2      | Reached XP level 3. HP: 25/35 MP: 6/6
  1568 | D:2      | You fall into a shaft and drop 1 floor!
  1868 | D:2      | Noticed Jessica
  1877 | D:2      | Killed Jessica
  1878 | D:2      | Reached skill level 1 in Short Blades
  1878 | D:2      | Reached skill level 1 in Long Blades
  1878 | D:2      | Reached skill level 1 in Maces & Flails
  1878 | D:2      | Reached skill level 1 in Polearms
  1878 | D:2      | Reached skill level 1 in Staves
  1878 | D:2      | Reached skill level 1 in Slings
  1878 | D:2      | Reached skill level 1 in Bows
  1878 | D:2      | Reached skill level 1 in Crossbows
  1878 | D:2      | Reached skill level 1 in Throwing
  1878 | D:2      | Reached skill level 1 in Stealth
  1878 | D:2      | Reached skill level 1 in Shields
  1878 | D:2      | Reached skill level 1 in Unarmed Combat
  1878 | D:2      | Reached skill level 1 in Spellcasting
  1878 | D:2      | Reached skill level 1 in Evocations
  1878 | D:2      | Reached XP level 4. HP: 31/41 MP: 7/7
  2675 | D:3      | Found a bloodstained altar of Trog.
  2804 | D:3      | Noticed a black bear
  2809 | D:3      | Reached skill level 1 in Conjurations
  2809 | D:3      | Reached skill level 1 in Hexes
  2809 | D:3      | Reached skill level 1 in Summonings
  2809 | D:3      | Reached skill level 1 in Necromancy
  2809 | D:3      | Reached skill level 1 in Translocations
  2809 | D:3      | Reached skill level 1 in Transmutations
  2809 | D:3      | Reached skill level 1 in Fire Magic
  2809 | D:3      | Reached skill level 1 in Ice Magic
  2809 | D:3      | Reached skill level 1 in Air Magic
  2809 | D:3      | Reached skill level 1 in Earth Magic
  2809 | D:3      | Reached skill level 1 in Poison Magic
  2830 | D:3      | Killed a black bear
  2831 | D:3      | Reached XP level 5. HP: 36/47 MP: 8/8
  2860 | D:3      | Found an iron altar of Okawaru.
  2871 | D:3      | HP: 2/47 [orc (8)]
  2876 | D:3      | Reached ** piety under Lugonu
  3353 | D:3      | Found a faded altar of an unknown god.
  3414 | D:3      | Reached skill level 5 in Invocations
  3638 | D:4      | Noticed Blork the orc
  3657 | D:4      | Killed Blork the orc
  3658 | D:4      | Reached XP level 6. HP: 11/53 MP: 9/9
  3978 | D:4      | Reached skill level 5 in Axes
  3978 | D:4      | Reached skill level 5 in Armour
  4301 | D:3      | Found a stormy altar of Qazlal.
  4377 | D:4      | Noticed Pargi
  4407 | D:4      | Killed Pargi
  4591 | D:4      | Found a shadowy altar of Dithmenos.
  4598 | D:4      | Reached XP level 7. HP: 51/59 MP: 10/10
  4767 | D:4      | Noticed Grinder
  4783 | D:4      | Killed Grinder
  4784 | D:4      | Reached skill level 7 in Fighting
  4976 | D:4      | Noticed Pikel
  5009 | D:3      | HP: 3/60 [Pikel (2)]
  5010 | D:3      | Slain by Pikel

Illustrated notes

Levels and vault maps discovered:
D:1:      sevenhm_arrival_forest_fort_small_5, layout_basic,
          hellmonk_ecumenical_altar_arch_garden, feat_on_display
D:2:      layout_loops_ring, minmay_misc_feat_alley, uniq_jessica
D:3:      layout_basic, nicolae_overflow_ecumenical_swirl, okawaru_gym_becter,
          trog_book
D:4:      layout_layer_cave, grunt_dithmenos_smoke_and_mirrors,
          minmay_temple_entry_hall, uniq_pikel, uniq_pargi, uniq_blork_the_orc,
          uniq_grinder

Skill      XL: |  1  2  3  4  5  6  7 |
---------------+----------------------+-----
Short Blades   | 1 2 |  2.5
Long Blades    | 1 2 |  2.5
Maces & Flails | 1 2 |  2.5
Polearms       | 1 2 |  2.5
Staves         | 1 2 |  2.5
Slings         | 1 2 |  2.5
Bows           | 1 2 |  2.5
Crossbows      | 1 2 |  2.5
Throwing       | 1 2 |  2.5
Stealth        | 1 2 |  2.5
Shields        | 1 2 |  2.5
Unarmed Combat | 1 2 |  2.5
Spellcasting   | 1 2 |  2.5
Evocations     | 1 2 |  2.5
Conjurations   | 1 2 |  2.0
Hexes          | 1 2 |  2.0
Summonings     | 1 2 |  2.0
Necromancy     | 1 2 |  2.0
Translocations | 1 2 |  2.0
Transmutations | 1 2 |  2.0
Fire Magic     | 1 2 |  2.0
Ice Magic      | 1 2 |  2.0
Air Magic      | 1 2 |  2.0
Earth Magic    | 1 2 |  2.0
Poison Magic   | 1 2 |  2.0
Dodging        | 3 |  3.6
Invocations    | 5 |  5.4
Axes           | 5 |  5.2
Armour         | 5 |  5.2
Fighting       | 7 |  7.0

Action                   |  1- 3 |  4- 6 |  7- 9 || total
-------------------------+-------+-------+-------++-------
Melee: Hand axe          |   104 |   170 |    30 ||   304
       Bite              |     7 |    19 |     3 ||    29
       Punch             |       |       |     1 ||     1
Invok: Depart the Abyss  |     1 |       |       ||     1
       Bend Space        |       |       |     1 ||     1
Evoke: Wand              |       |       |     3 ||     3
  Use: Potion            |     2 |     7 |       ||     9
       Scroll            |     2 |     4 |       ||     6
Armor: Plate armour      |    84 |   168 |    20 ||   272
Dodge: Dodged            |    14 |    59 |    11 ||    84

Table legend: (Time is in decaauts)
 A = Elapsed time spent in this place.
 B = Non-inter-level travel time spent in this place.
 C = Inter-level travel time spent in this place.
 D = Time resting spent in this place.
 E = Time spent auto-exploring this place.
 F = Levels seen in this place.
 G = Mean time per level.
                   A        B        C        D        E       F      G
               +--------+--------+--------+--------+--------+-----+--------+
         Total |   5017 |   4908 |    109 |     77 |   4049 |   5 | 1003.4 |
       Dungeon |   4883 |   4774 |    109 |     77 |   3936 |   4 | 1220.8 |
         Abyss |    134 |    134 |      0 |      0 |    113 |   1 |  134.0 |
               +--------+--------+--------+--------+--------+-----+--------+

Top non-repeatable levels by time:
     D:4: 1365 daAuts
     D:1: 1308 daAuts
     D:3: 1296 daAuts
     D:2: 913 daAuts
 Abyss:1: 134 daAuts
